 Dungeon Crawl Stone Soup version 0.20.1-1-g8b1a95d (webtiles) character file.

5184 Ymberti the Thaumaturge (level 10, -6/53 HPs)
             Began as a Deep Elf Fire Elementalist on Sept 16, 2017.
             Was a Follower of Sif Muna.
             Mangled by an orc
             ... wielding a +0 hand axe
              (7 damage)
             ... on level 8 of the Dungeon.
             The game lasted 00:52:07 (7100 turns).

Ymberti the Thaumaturge (DEFE)                      Turns: 7100, Time: 00:52:07

Health: -6/53      AC:  9    Str:  5      XL:     10   Next: 34%
Magic:  24/26      EV: 14    Int: 23 (24) God:    Sif Muna [*.....]
Gold:   430        SH:  0    Dex: 15      Spells: 19/30 levels left

rFire    + . .     SeeInvis .   C - +1 quarterstaff (drain)
rCold    x . .     Gourm    .   (shield currently unavailable)
rNeg     . . .     Faith    +   x - +2 leather armour {MR+}
rPois    .         Spirit   .   (no helmet)
rElec    .         Reflect  .   (no cloak)
rCorr    .         Harm     .   m - +0 pair of gloves
MR       ++...                  (no boots)
Stlth    +++.......             w - amulet of faith
Regen    0.2/turn               p - +3 ring of protection
MPRegen  0.2/turn               f - ring of fire

@: divine energy
A: no striking features
a: Stop Divine Energy, Renounce Religion


You were on level 8 of the Dungeon.
You worshipped Sif Muna.
Sif Muna was aware of your devotion.
You were not hungry.

You visited 2 branches of the dungeon, and saw 9 of its levels.
You also visited: Sewer and Ossuary.

You collected 430 gold pieces.

Inventory:

Hand Weapons
 C - a +1 quarterstaff of draining (weapon)
Armour
 m - a +0 pair of gloves (worn)
 x - a +2 leather armour of magic resistance (worn)
Jewellery
 a - an uncursed ring of flight
 e - an uncursed ring of ice
 f - a ring of fire (right hand)
 h - an uncursed ring of ice
 l - a +2 ring of dexterity
 p - a +3 ring of protection (left hand)
 v - an uncursed ring of protection from magic
 w - an amulet of faith (around neck)
Scrolls
 d - 2 scrolls of magic mapping
 j - 2 scrolls of remove curse
 r - 2 scrolls of fear
 y - a scroll of identify
 z - 3 scrolls of fog {unknown}
 D - a scroll of amnesia {unknown}
Potions
 c - a potion of cancellation {unknown}
 k - a potion of heal wounds
 n - a potion of agility {unknown}
 o - 3 potions of resistance
 q - 7 potions of curing
 s - 4 potions of flight
 t - a potion of haste {unknown}
 u - 3 potions of brilliance
 A - 3 potions of lignification {unknown}
 B - 4 potions of mutation {unknown}
 G - a potion of magic {unknown}
Books
 b - a book of Flames

   Spells                             Type                      Level
   a - Flame Tongue                   Conjuration/Fire             1
   b - Throw Flame                    Conjuration/Fire             2
   c - Conjure Flame                  Conjuration/Fire             3
   d - Inner Flame                    Hexes/Fire                   3
   e - Sticky Flame                   Conjuration/Fire             4
   f - Fireball                       Conjuration/Fire             5
Comestibles
 g - 3 meat rations
 i - 2 royal jellies
 F - 2 bread rations


   Skills:
 + Level 2.2 Fighting
   Level 3.4 Short Blades
 + Level 0.6 Staves
 + Level 2.0 Armour
 + Level 5.8 Dodging
 + Level 5.7 Stealth
 + Level 0.1 Unarmed Combat
 + Level 10.8 Spellcasting
 + Level 7.7 Conjurations
 + Level 8.6 Fire Magic
 + Level 1.0 Evocations


You had 19 spell levels left.
You knew the following spells:

 Your Spells              Type           Power        Failure   Level  Hunger
a - Flame Tongue          Conj/Fire      #####        1%          1    None
b - Throw Flame           Conj/Fire      ######       1%          2    None
c - Conjure Flame         Conj/Fire      ######..     1%          3    None
d - Fireball              Conj/Fire      ######....   8%          5    ####...


Dungeon Overview and Level Annotations

Branches:
Dungeon (8/15)             Temple (1/1) D:6
   Lair: D:8-11

Altars:
Ashenzari
Cheibriados
Dithmenos
Elyvilon
Fedhas
Gozag
Hepliaklqana
Kikubaaqudgha
Makhleb
Nemelex Xobeh
Okawaru
Qazlal
Ru
Sif Muna
Trog
Uskayaw
Vehumet
Xom
Yredelemnul
Zin
The Shining One


Message History

You feel a surge of power!
The flame tongue hits the ogre.
You kill the ogre!
Sif Muna accepts your kill.
Your Armour skill increases to level 2!
The orc warrior shouts!
You hear a shout! x2
The orc warrior misses you.
The orc warrior hits you from afar with a glaive!
The orc warrior hits you from afar with a glaive.
The orc warrior hits you from afar with a glaive!
The orc warrior hits you from afar with a glaive.
The orc hits you but does no damage. The orc warrior closely misses you.
The orc hits you but does no damage.
The orc warrior hits you from afar with a glaive!
* * * LOW HITPOINT WARNING * * *
The orc hits you with a hand axe.
* * * LOW HITPOINT WARNING * * *
The orc warrior completely misses you. The orc hits you with a hand axe.
* * * LOW HITPOINT WARNING * * *
The orc hits you with a hand axe!
You die...

### #..#####.### .# #....#..#
.### #...## ...# ##..# ##.##
#..#############
.#..##########..............####
..............o############....#
##...........#..#### ####..#
#.........####o@.)# #..
#.........# ####..# #.
#........<# ..$. . #.........#
#### #.........# #.........#
#.........# ###########


You could see an orc warrior and an orc.

Vanquished Creatures
  Pikel (D:5)
  Joseph (D:8)
  Prince Ribbit (D:6)
  Grinder (D:4)
  2 hippogriffs (D:8)
  A vampire (D:5)
  Edmund (D:5)
  Duvessa (D:5)
  An orc warrior (D:6)
  4 sky beasts
  A black bear (D:7)
  A phantom (D:7)
  6 ogres
  4 centaurs
  A gnoll sergeant (D:8)
  2 bullfrogs
  4 water moccasin zombies (Ossuary)
  2 scorpions
  3 howler monkeys
  A crimson imp (D:8)
  3 hounds
  3 jellies
  7 orc priests
  9 orc wizards
  A centaur skeleton (D:5)
  4 worker ants
  3 iguanas
  2 big kobold zombies (Ossuary)
  2 mummies (Ossuary)
  2 gnolls (D:2)
  A howler monkey skeleton (D:4)
  11 adders
  A shadow imp (D:7)
  2 oozes (Sewer)
  2 adder skeletons
  6 adder zombies
  2 worms
  A dart slug (D:1)
  5 leopard geckos
  27 orcs
  3 ball pythons
  8 giant cockroaches
  5 gnoll zombies (Ossuary)
  10 goblins
  4 hobgoblins (D:3)
  9 jackals
  13 bats
  7 frilled lizards
  3 hobgoblin zombies (Ossuary)
  22 kobolds
  4 kobold zombies (Ossuary)
  6 orc zombies (Ossuary)
  3 quokka skeletons (D:4)
  2 quokka zombies
  9 rats
  A rat zombie (D:7)
242 creatures vanquished.

Vanquished Creatures (others)
  Blork the orc (D:5)
  Dowan (D:5)
  A crimson imp (D:5)
  A centaur skeleton (D:5)
  A worker ant zombie (D:5)
  An adder zombie (Ossuary)
  An orc (D:5)
  A hobgoblin zombie (Ossuary)
  A fire vortex (Ossuary)
  A plant (D:6)
10 creatures vanquished.

Grand Total: 252 creatures vanquished

Notes
Turn   | Place    | Note
-------+----------+-------------------------------------------
     0 | D:1      | Ymberti the Deep Elf Fire Elementalist began the quest for the Orb.
     0 | D:1      | Reached XP level 1. HP: 10/10 MP: 6/6
   346 | D:1      | Reached XP level 2. HP: 11/15 MP: 5/8
   649 | D:2      | Reached XP level 3. HP: 17/19 MP: 4/9
   653 | D:2      | Learned a level 2 spell: Throw Flame
   657 | D:2      | Learned a level 3 spell: Conjure Flame
  1106 | D:2      | Reached XP level 4. HP: 14/24 MP: 5/11
  1417 | D:2      | Found an iron altar of Okawaru.
  1419 | D:2      | Reached skill level 4 in Spellcasting
  1915 | D:3      | Reached XP level 5. HP: 23/28 MP: 5/13
  1994 | D:3      | Reached skill level 1 in Short Blades
  2167 | D:4      | Noticed Grinder
  2178 | D:4      | Paralysed by Grinder for 7 turns
  2187 | D:4      | Killed Grinder
  2187 | D:4      | Reached skill level 5 in Spellcasting
  2187 | D:4      | Reached skill level 5 in Fire Magic
  2187 | D:4      | Reached XP level 6. HP: 22/32 MP: 4/16
  2298 | D:4      | Reached XP level 7. HP: 31/36 MP: 7/17
  2328 | D:5      | Entered Level 5 of the Dungeon
  2354 | D:5      | Reached skill level 6 in Spellcasting
  2355 | D:5      | Noticed Blork the orc
  2374 | D:5      | Noticed Edmund
  2706 | D:4      | Found a glowing drain.
  2732 | Sewer    | Entered a sewer
  2956 | Sewer    | Learned a level 5 spell: Fireball
  3514 | D:4      | Reached skill level 7 in Spellcasting
  3561 | D:5      | Reached XP level 8. HP: 35/41 MP: 16/20
  3608 | D:5      | Noticed Pikel
  3611 | D:5      | Killed Pikel
  3611 | D:5      | Reached skill level 8 in Spellcasting
  3611 | D:5      | Reached skill level 5 in Conjurations
  3832 | D:5      | Killed Blork the orc
  3856 | D:5      | Reached skill level 1 in Fighting
  3870 | D:5      | Killed Edmund
  3889 | D:5      | HP: 1/43 [centaur/arrow (6)]
  4066 | D:5      | Reached XP level 9. HP: 37/47 MP: 17/23
  4183 | D:5      | Noticed Dowan
  4184 | D:5      | Noticed Duvessa
  4186 | D:5      | Killed Duvessa
  4186 | D:5      | Reached skill level 9 in Spellcasting
  4208 | D:5      | Killed Dowan
  4490 | D:5      | Reached skill level 5 in Stealth
  4575 | D:6      | Reached skill level 1 in Evocations
  4707 | D:6      | Noticed Prince Ribbit
  4713 | D:6      | Killed Prince Ribbit
  4720 | D:6      | Reached skill level 1 in Armour
  4898 | D:6      | Found a shattered altar of Ashenzari.
  4903 | D:6      | Saw a vision of the Swamp and the Snake Pit.
  4903 | D:6      | Noticed a black mamba
  4903 | D:6      | Noticed an anaconda
  4903 | D:6      | Noticed a black mamba
  4904 | D:6      | Noticed an alligator
  4904 | D:6      | Noticed a black mamba
  4905 | D:6      | Noticed an alligator
  5079 | D:6      | Found a staircase to the Ecumenical Temple.
  5094 | Temple   | Entered the Ecumenical Temple
  5143 | Temple   | Became a worshipper of Sif Muna the Loreminder
  5474 | D:7      | Reached skill level 10 in Spellcasting
  5495 | D:7      | Found a sand-covered staircase.
  5528 | Ossuary  | Entered an ossuary
  6073 | D:7      | Reached * piety under Sif Muna
  6387 | D:7      | Reached skill level 5 in Dodging
  6387 | D:7      | Reached XP level 10. HP: 53/53 MP: 5/26
  6503 | D:8      | Noticed Joseph
  6534 | D:8      | Killed Joseph
  6836 | D:8      | Noticed a two-headed ogre
  7099 | D:8      | HP: 1/53 [orc/hand axe (2)]
  7100 | D:8      | Mangled by an orc

Skill      XL: |  1  2  3  4  5  6  7  8  9 10 |
---------------+-------------------------------+-----
Fire Magic     | 4 5 6 7 8 |  8.6
Stealth        | 3 4 5 |  5.7
Spellcasting   | 4 5 7 8 10 | 10.8
Dodging        | 3 5 |  5.8
Short Blades   | 1 2 3 |  3.4
Conjurations   | 3 4 6 7 |  7.7
Fighting       | 1 2 |  2.2
Evocations     | 1 |  1.0
Armour         | 1 2 |  2.0
Staves         | |  0.6
Unarmed Combat | |  0.1

Action                   |  1- 3 |  4- 6 |  7- 9 | 10-12 || total
-------------------------+-------+-------+-------+-------++-------
Melee: Unarmed           |    24 |       |       |       ||    24
       Short sword       |     7 |     7 |   181 |     2 ||   197
       Quarterstaff      |       |       |       |    49 ||    49
 Cast: Flame Tongue      |    42 |    79 |   206 |    33 ||   360
       Throw Flame       |       |     6 |    21 |     4 ||    31
       Conjure Flame     |       |     1 |     6 |     4 ||    11
       Fireball          |       |       |    32 |    13 ||    45
Invok: Divine Energy     |       |       |       |     1 ||     1
Evoke: Wand              |       |       |     4 |       ||     4
  Use: Scroll            |     1 |     1 |    14 |     2 ||    18
       Potion            |       |       |    10 |     2 ||    12
 Stab: Sleeping          |     6 |     2 |     2 |     1 ||    11
  Eat: Fruit             |       |     5 |     4 |     2 ||    11
       Bread ration      |       |       |     3 |       ||     3
       Royal jelly       |       |       |     2 |       ||     2
       Meat ration       |       |       |       |     1 ||     1
Armor: Robe              |     9 |     9 |    38 |       ||    56
       Leather armour    |       |       |    66 |    50 ||   116
Dodge: Dodged            |    52 |    27 |   221 |    65 ||   365
